PL
BUFFALO WHITE WALKERS @ CHICAGO SILVER SOX
07/26/2041
 
TOP OF THE 1ST
Buffalo White Walkers batting - Pitching for Chicago Silver Sox : RHP Lewis Carter
Pitching: RHP Lewis Carter
Batting: LHB Jesús Lazcano 0-0: Called Strike
0-1: Ball
1-1: SINGLE (Line Drive, 9S, EV 105.0 MPH)
Batting: LHB Dread Roberts 0-0: Fielders Choice at 2nd, 1-6 (Groundball, 13, EV 71.9 MPH)
Batting: SHB Je-myung Yu 0-0: Fly out, F7 (Flyball, 78M, EV 90.6 MPH)
Batting: LHB Jorge Herrera 0-0: Ball
1-0: Fly out, F8 (Line Drive, 8RM, EV 105.0 MPH)
Top of the 1st over - 0 runs, 1 hit, 0 errors, 1 left on base; Buffalo 0 - Chicago 0
BOTTOM OF THE 1ST
Chicago Silver Sox batting - Pitching for Buffalo White Walkers : RHP Kent Good
Pitching: RHP Kent Good
Batting: RHB Dejmi Dumervil 0-0: Called Strike
0-1: Ball
1-1: Ground out 6-3 (Groundball, 6M, EV 92.5 MPH)
Batting: RHB Manuel Ramos 0-0: Ball
1-0: Ball
2-0: Fly out, F9 (Flyball, 9, EV 93.1 MPH)
Batting: SHB Shun Komatsu 0-0: Foul Ball, location: 2F
0-1: Swinging Strike
0-2: Strikes out swinging
Bottom of the 1st over - 0 runs, 0 hits, 0 errors, 0 left on base; Buffalo 0 - Chicago 0
TOP OF THE 2ND
Buffalo White Walkers batting - Pitching for Chicago Silver Sox : RHP Lewis Carter
Batting: RHB Tom Smythe 0-0: Called Strike
0-1: Fly out, F8 (Flyball, 8LXD, EV 87.5 MPH)
Batting: SHB Tom Dickinson 0-0: Swinging Strike
0-1: Ball
1-1: Ball
2-1: Swinging Strike
2-2: Ground out 1-3 (Groundball, P, EV 73.8 MPH)
Batting: RHB Eddie Sachs 0-0: Ball
1-0: Swinging Strike
1-1: Ball
2-1: Ball
3-1: Foul Ball, location: 2F
3-2: Foul Ball, location: 2F
3-2: Reached on error, E5 (Groundball, 5S, EV 65.0 MPH)
Batting: RHB José Santos 0-0: Ball
1-0: Ball
2-0: Ball
3-0: Called Strike
3-1: Swinging Strike
3-2: Strikes out swinging
Top of the 2nd over - 0 runs, 0 hits, 1 error, 1 left on base; Buffalo 0 - Chicago 0
BOTTOM OF THE 2ND
Chicago Silver Sox batting - Pitching for Buffalo White Walkers : RHP Kent Good
Batting: RHB Jesús Vargas 0-0: Ball
1-0: Ball
2-0: Called Strike
2-1: Swinging Strike
2-2: Foul Ball, location: 2F
2-2: Ball
3-2: Foul Ball, location: 2F
3-2: Foul Ball, location: 2F
3-2: Base on Balls
Batting: RHB Amon-Ra St. Brown 0-0: Called Strike
0-1: Ball
1-1: Ball
2-1: DOUBLE (Groundball, 5L, EV 107.5 MPH)
Jesús Vargas to third
Batting: RHB Fortunato Rasquinha 0-0: Fly out, F6 (Popup, 6MS, EV 60.6 MPH)
Batting: RHB Seung-hwan Pak 0-0: SINGLE (Line Drive, 4D, EV 96.2 MPH)
Jesús Vargas scores
Amon-Ra St. Brown to third
Batting: RHB Víctor Cuevas 0-0: SINGLE (Line Drive, 6MD, EV 102.5 MPH)
Amon-Ra St. Brown scores
Seung-hwan Pak to second
Batting: RHB Estanislao Hirigoyen 0-0: Ball
1-0: Swinging Strike
1-1: Foul Ball, location: 2F
1-2: Foul Ball, location: 2F
1-2: Fielders Choice at 2nd, 4-6 (Groundball, 4, EV 80.6 MPH)
Seung-hwan Pak to third
Batting: RHB Dejmi Dumervil 0-0: Ball
1-0: Called Strike
1-1: Swinging Strike
1-2: Ball
2-2: Ball
3-2: Fly out, F9 (Line Drive, 9, EV 90.6 MPH)
Bottom of the 2nd over - 2 runs, 3 hits, 0 errors, 2 left on base; Buffalo 0 - Chicago 2
TOP OF THE 3RD
Buffalo White Walkers batting - Pitching for Chicago Silver Sox : RHP Lewis Carter
Batting: RHB Cisco Feijoo 0-0: Fly out, F7 (Flyball, 7S, EV 91.2 MPH)
Batting: LHB Jesús Lazcano 0-0: Called Strike
0-1: Ball
1-1: Swinging Strike
1-2: Ball
2-2: Fly out, F9 (Flyball, 9D, EV 92.5 MPH)
Batting: LHB Dread Roberts 0-0: Called Strike
0-1: Ball
1-1: Ball
2-1: Called Strike
2-2: Fly out, F5 (Popup, 5F, EV 67.5 MPH)
Top of the 3rd over - 0 runs, 0 hits, 0 errors, 0 left on base; Buffalo 0 - Chicago 2
BOTTOM OF THE 3RD
Chicago Silver Sox batting - Pitching for Buffalo White Walkers : RHP Kent Good
Batting: RHB Manuel Ramos 0-0: Ball
1-0: Called Strike
1-1: Ball
2-1: Ground out 6-3 (Groundball, 4M, EV 101.2 MPH)
Batting: SHB Shun Komatsu 0-0: Ball
1-0: Ground out 1-3 (Groundball, 34S, EV 72.5 MPH)
Batting: RHB Jesús Vargas 0-0: Ball
1-0: Swinging Strike
1-1: Called Strike
1-2: Foul Ball, location: 2F
1-2: Foul Ball, location: 2F
1-2: Foul Ball, location: 2F
1-2: Strikes out swinging
Bottom of the 3rd over - 0 runs, 0 hits, 0 errors, 0 left on base; Buffalo 0 - Chicago 2
TOP OF THE 4TH
Buffalo White Walkers batting - Pitching for Chicago Silver Sox : RHP Lewis Carter
Batting: SHB Je-myung Yu 0-0: Called Strike
0-1: Ball
1-1: Fly out, F9 (Flyball, 9S, EV 83.1 MPH)
Batting: LHB Jorge Herrera 0-0: Ball
1-0: SOLO HOME RUN (Flyball, 89XD, EV 105.0 MPH), Distance : 417 ft
Batting: RHB Tom Smythe 0-0: Ball
1-0: Called Strike
1-1: Ball
2-1: Foul Ball, location: 2F
2-2: DOUBLE (Line Drive, 89D, EV 107.5 MPH)
Batting: SHB Tom Dickinson 0-0: Ground out 6-3 (Groundball, 6, EV 108.8 MPH)
Batting: RHB Eddie Sachs 0-0: Called Strike
0-1: Ball
1-1: Foul Ball, location: 2F
1-2: DOUBLE (Line Drive, 7LM, EV 106.2 MPH)
Tom Smythe scores
Batting: RHB José Santos 0-0: Ball
1-0: Ball
2-0: Ground out 5-3 (Groundball, 56, EV 88.1 MPH)
Top of the 4th over - 2 runs, 3 hits, 0 errors, 1 left on base; Buffalo 2 - Chicago 2
BOTTOM OF THE 4TH
Chicago Silver Sox batting - Pitching for Buffalo White Walkers : RHP Kent Good
Batting: RHB Amon-Ra St. Brown 0-0: Ball
1-0: Swinging Strike
1-1: Foul Ball, location: 2F
1-2: Strikes out swinging
Batting: RHB Fortunato Rasquinha 0-0: Fly out, F9 (Flyball, 89M, EV 75.6 MPH)
Batting: RHB Seung-hwan Pak 0-0: SOLO HOME RUN (Flyball, 89XD, EV 107.5 MPH), Distance : 399 ft
Batting: RHB Víctor Cuevas 0-0: Ball
1-0: SINGLE (Groundball, 56, EV 100.0 MPH) (infield hit)
Batting: RHB Estanislao Hirigoyen 0-0: Ball
1-0: Fielders Choice at 2nd, U6 (Groundball, 6M, EV 80.0 MPH)
Bottom of the 4th over - 1 run, 2 hits, 0 errors, 1 left on base; Buffalo 2 - Chicago 3
TOP OF THE 5TH
Buffalo White Walkers batting - Pitching for Chicago Silver Sox : RHP Lewis Carter
Batting: RHB Cisco Feijoo 0-0: SINGLE (Groundball, 56D, EV 106.2 MPH)
Batting: LHB Jesús Lazcano 0-0: Called Strike
0-1: SINGLE (Flyball, 9S, EV 90.6 MPH)
Cisco Feijoo to second
Cisco Feijoo to third
Batting: LHB Dread Roberts 0-0: Ball
1-0: Called Strike
1-1: Called Strike
1-2: Ball
2-2: Foul Ball, location: 2F
2-2: Foul Ball, location: 2F
2-2: Foul Ball, location: 2F
2-2: Fielders Choice at 2nd, 4-6 (Groundball, 4, EV 86.9 MPH)
Cisco Feijoo scores
Batting: SHB Je-myung Yu 0-0: Ball
1-0: Called Strike
1-1: Foul Ball, location: 2F
1-2: Single, Error in OF, E8, batter to second base (Line Drive, 78S, EV 88.8 MPH)
Dread Roberts to third
Batting: LHB Jorge Herrera 0-0: Called Strike
0-1: Foul Ball, location: 2F
0-2: Ball
1-2: Foul Ball, location: 2F
1-2: Ball
2-2: Fly out, F8 (Line Drive, 8RD, EV 101.9 MPH)
Runner from 3rd tags up, SCORES, no throw by CF
Batting: RHB Tom Smythe 0-0: Ball
1-0: Ball
2-0: Foul Ball, location: 2F
2-1: Foul Ball, location: 2F
2-2: Strikes out swinging
Top of the 5th over - 2 runs, 3 hits, 1 error, 1 left on base; Buffalo 4 - Chicago 3
BOTTOM OF THE 5TH
Chicago Silver Sox batting - Pitching for Buffalo White Walkers : RHP Kent Good
Batting: RHB Dejmi Dumervil 0-0: Called Strike
0-1: Foul Ball, location: 2F
0-2: Ball
1-2: Foul Ball, location: 2F
1-2: Foul Ball, location: 2F
1-2: Strikes out looking
Batting: RHB Manuel Ramos 0-0: Ball
1-0: Foul Ball, location: 2F
1-1: Ball
2-1: Swinging Strike
2-2: Fly out, F9 (Line Drive, 9, EV 93.8 MPH)
Batting: SHB Shun Komatsu 0-0: Called Strike
0-1: Ball
1-1: SINGLE (Groundball, 6MD, EV 98.8 MPH)
Batting: RHB Jesús Vargas 0-0: Ball
1-0: Ball
2-0: Ball
3-0: Base on Balls
Shun Komatsu to second
Batting: RHB Amon-Ra St. Brown 0-0: Ball
1-0: Ball
2-0: Fielders Choice at 2nd, 6-4 (Groundball, 56, EV 101.9 MPH)
Bottom of the 5th over - 0 runs, 1 hit, 0 errors, 2 left on base; Buffalo 4 - Chicago 3
TOP OF THE 6TH
Buffalo White Walkers batting - Pitching for Chicago Silver Sox : RHP Lewis Carter
Batting: SHB Tom Dickinson 0-0: Swinging Strike
0-1: Foul Ball, location: 2F
0-2: Strikes out swinging
Batting: RHB Eddie Sachs 0-0: Ball
1-0: Ball
2-0: Ball
3-0: Called Strike
3-1: Foul Ball, location: 2F
3-2: Base on Balls
Batting: RHB José Santos 0-0: Foul Ball, location: 2F
0-1: Swinging Strike
0-2: Strikes out swinging
Batting: RHB Cisco Feijoo 0-0: Called Strike
0-1: Called Strike
0-2: Fly out, F8 (Flyball, 8RD, EV 99.4 MPH)
Top of the 6th over - 0 runs, 0 hits, 0 errors, 1 left on base; Buffalo 4 - Chicago 3
BOTTOM OF THE 6TH
Chicago Silver Sox batting - Pitching for Buffalo White Walkers : RHP Kent Good
Batting: RHB Fortunato Rasquinha 0-0: Foul Ball, location: 2F
0-1: Called Strike
0-2: Foul Ball, location: 2F
0-2: Foul Ball, location: 2F
0-2: Ball
1-2: Foul Ball, location: 2F
1-2: Strikes out swinging
Batting: RHB Seung-hwan Pak 0-0: Called Strike
0-1: SINGLE (Line Drive, 89S, EV 103.1 MPH)
Pitching: RHP Woodward Haberdash
Batting: RHB Víctor Cuevas 0-0: Ball
1-0: Called Strike
1-1: Foul Ball, location: 2F
1-2: Ball
2-2: Foul Ball, location: 2F
2-2: Ball
3-2: Foul Ball, location: 2F
3-2: Strikes out looking
Batting: RHB Estanislao Hirigoyen 0-0: Foul Ball, location: 2F
0-1: Ball
1-1: Swinging Strike
1-2: Foul Ball, location: 2F
1-2: Strikes out swinging
Bottom of the 6th over - 0 runs, 1 hit, 0 errors, 1 left on base; Buffalo 4 - Chicago 3
TOP OF THE 7TH
Buffalo White Walkers batting - Pitching for Chicago Silver Sox : RHP Lewis Carter
Batting: LHB Jesús Lazcano 0-0: Ground out 4-3 (Groundball, 4, EV 108.1 MPH)
Batting: LHB Dread Roberts 0-0: Called Strike
0-1: Ball
1-1: Reached on error, E5 (Groundball, 56, EV 100.0 MPH)
Batting: SHB Je-myung Yu 0-0: Swinging Strike
0-1: Swinging Strike
0-2: Strikes out looking
Batting: LHB Jorge Herrera 0-0: Called Strike
0-1: Ball
1-1: Called Strike
1-2: Ball
2-2: Ball
3-2: Base on Balls
Pitching: RHP Jubal Ropp
Batting: RHB Tom Smythe 0-0: Called Strike
0-1: Ball
1-1: Ground out 4-3 (Groundball, 4, EV 88.1 MPH)
Top of the 7th over - 0 runs, 0 hits, 1 error, 2 left on base; Buffalo 4 - Chicago 3
BOTTOM OF THE 7TH
Chicago Silver Sox batting - Pitching for Buffalo White Walkers : RHP Woodward Haberdash
Batting: RHB Dejmi Dumervil 0-0: Called Strike
0-1: Ball
1-1: Ball
2-1: Ball
3-1: Foul Ball, location: 2F
3-2: Foul Ball, location: 2F
3-2: Strikes out looking
Batting: RHB Manuel Ramos 0-0: Ball
1-0: Called Strike
1-1: Fly out, F8 (Flyball, 8LS, EV 91.2 MPH)
Batting: SHB Shun Komatsu 0-0: Ball
1-0: Ball
2-0: Called Strike
2-1: Ball
3-1: Foul Ball, location: 2F
3-2: SOLO HOME RUN (Line Drive, 9D, EV 101.9 MPH), Distance : 373 ft
Batting: RHB Jesús Vargas 0-0: Called Strike
0-1: Foul Ball, location: 2F
0-2: Fly out, F1 (Line Drive, P, EV 73.1 MPH)
Bottom of the 7th over - 1 run, 1 hit, 0 errors, 0 left on base; Buffalo 4 - Chicago 4
TOP OF THE 8TH
Buffalo White Walkers batting - Pitching for Chicago Silver Sox : RHP Jubal Ropp
Batting: SHB Tom Dickinson 0-0: Foul Ball, location: 2F
0-1: Swinging Strike
0-2: Ball
1-2: Strikes out swinging
Batting: RHB Eddie Sachs 0-0: DOUBLE (Line Drive, 8LXD, EV 108.8 MPH)
Batting: RHB José Santos 0-0: Intentional Walk
Batting: RHB Cisco Feijoo 0-0: Foul Ball, location: 2F
0-1: Ball
1-1: Grounds into double play, 4-6-3 (Groundball, 4, EV 98.1 MPH)
Top of the 8th over - 0 runs, 1 hit, 0 errors, 1 left on base; Buffalo 4 - Chicago 4
BOTTOM OF THE 8TH
Chicago Silver Sox batting - Pitching for Buffalo White Walkers : RHP Woodward Haberdash
Pitching: RHP Keith Rojas
Batting: RHB Amon-Ra St. Brown 0-0: Ball
1-0: Foul Ball, location: 2F
1-1: Ball
2-1: Foul Ball, location: 2F
2-2: Strikes out swinging
Batting: RHB Fortunato Rasquinha 0-0: Foul Ball, location: 2F
0-1: Fly out, F9 (Flyball, 9LS, EV 93.1 MPH)
Batting: RHB Seung-hwan Pak 0-0: SINGLE (Groundball, 34D, EV 108.1 MPH)
Batting: RHB Víctor Cuevas 0-0: SINGLE (Line Drive, 9S, EV 101.2 MPH)
Seung-hwan Pak to second
Batting: RHB Estanislao Hirigoyen 0-0: Swinging Strike
0-1: Swinging Strike
0-2: Fly out, F8 (Flyball, 89D, EV 106.2 MPH)
Bottom of the 8th over - 0 runs, 2 hits, 0 errors, 2 left on base; Buffalo 4 - Chicago 4
TOP OF THE 9TH
Buffalo White Walkers batting - Pitching for Chicago Silver Sox : RHP Jubal Ropp
Batting: LHB Jesús Lazcano 0-0: Swinging Strike
0-1: Called Strike
0-2: Ball
1-2: Strikes out looking
Batting: LHB Dread Roberts 0-0: Ball
1-0: Foul Ball, location: 2F
1-1: Ball
2-1: Ball
3-1: Called Strike
3-2: Base on Balls
Batting: SHB Je-myung Yu 0-0: Called Strike
0-1: Foul Ball, location: 2F
0-2: Ball
1-2: Fly out, F7 (Flyball, 7LS, EV 86.9 MPH)
Batting: LHB Jorge Herrera 0-0: SINGLE (Line Drive, 4MD, EV 106.2 MPH)
Dread Roberts to second
Batting: RHB Tom Smythe 0-0: Foul Ball, location: 2F
0-1: Foul Ball, location: 2F
0-2: Ball
1-2: SINGLE (Groundball, 4D, EV 101.2 MPH)
Dread Roberts to third
Jorge Herrera to second
Runner from 3rd tries for Home, SAFE, throw by RF to home
Batting: SHB Tom Dickinson 0-0: Ball
1-0: Ball
Wild Pitch!
Jorge Herrera to third
Tom Smythe to second
2-0: Fly out, F8 (Line Drive, 8LD, EV 96.2 MPH)
Top of the 9th over - 1 run, 2 hits, 0 errors, 2 left on base; Buffalo 5 - Chicago 4
BOTTOM OF THE 9TH
Chicago Silver Sox batting - Pitching for Buffalo White Walkers : RHP Keith Rojas
Pitching: RHP Kenji Aoki
Batting: RHB Dejmi Dumervil 0-0: Called Strike
0-1: Foul Ball, location: 2F
0-2: Strikes out looking
Batting: RHB Manuel Ramos 0-0: Foul Ball, location: 2F
0-1: DOUBLE (Flyball, 78XD, EV 85.6 MPH)
Batting: SHB Shun Komatsu 0-0: 2-RUN HOME RUN (Flyball, 7D, EV 102.5 MPH), Distance : 358 ft
Tuesday, January 5th, 2021 - OOTP Baseball 20.8 Build 74